 Dungeon Crawl Stone Soup version 0.30-a0-52-g86a8295270 (webtiles) character file.

Game seed: 9627726904189344844

24 Newt the Trooper (level 2, 0/27 HPs)
             Began as a Draconian Monk on Sept 6, 2022.
             Succumbed to a kobold's poison
             ... on level 2 of the Dungeon.
             The game lasted 00:01:02 (661 turns).

Newt the Trooper (Draconian Monk)                    Turns: 661, Time: 00:01:03

Health: 0/27       AC:  4    Str: 13    XL:     2   Next: 79%
Magic:  2/2        EV: 12    Int: 10    God:
Gold:   62         SH:  0    Dex: 13    Spells: 1/1 levels left

rFire   . . .      SeeInvis .    a - +0 mace
rCold   . . .      Faith    .    (no shield)
rNeg    . . .      Spirit   .    (body armour unavailable)
rPois   .          Reflect  .    (helmet restricted)
rElec   .          Harm     .    (no cloak)
rCorr   .          Rampage  .    (no gloves)
Will    .....                    (no boots)
Stlth   ++........               (no amulet)
HPRegen 0.09/turn                (no ring)
MPRegen 0.08/turn                (no ring)

@: lethally poisoned (0 -> -10)
A: AC +4, unfitting armour, cold-blooded
a: no special abilities


You were on level 2 of the Dungeon.
You visited 1 branch of the dungeon, and saw 2 of its levels.

You collected 62 gold pieces.

Inventory:

Hand Weapons
 a - a +0 mace (weapon)
Missiles
 k - 6 javelins (quivered)
Jewellery
 j - a ring of resist corrosion
Scrolls
 i - 2 scrolls of butterflies
Potions
 b - a potion of ambrosia
 c - a potion of magic {unknown}
 d - 2 potions of mutation {unknown}
 e - a potion of might {unknown}
 f - 2 potions of heal wounds {unknown}
 g - a potion of attraction {unknown}
 h - a potion of curing {unknown}


   Skills:
 - Level 4.0 Fighting
 + Level 3.4 Maces & Flails
 - Level 2.6 Dodging
 - Level 2.0 Stealth


You had one spell level left.
You didn't know any spells.
Your spell library was empty.

Dungeon Overview and Level Annotations

Branches:
Dungeon (2/15)

Altars:


Innate Abilities, Weirdness & Mutations

Your plain brown scales are hard. (AC +4)
You cannot fit into any form of body armour.
You are cold-blooded and may be slowed by cold attacks.


Message History

No target in view!
No target in view!
No target in view!
You see here a ball python corpse.
Your butterfly disappears in a burst of colours!
Found 6 stones.
Found 5 stones.
Found a stone staircase leading down.
A kobold comes into view. It is wielding a +4 dagger of venom.
The kobold shouts!
The kobold throws a stone.
The stone misses you.
You see here a scroll labelled ICRUHE TAAFIO.
A kobold is nearby!
A kobold is nearby!
A kobold is nearby!
You see here a sedimented amethyst potion.
You closely miss the kobold.
The kobold hits you with a +4 dagger of venom.
You are poisoned.
A rat comes into view.
You completely miss the kobold.
You feel very sick.
The kobold hits you with a +4 dagger of venom.
You are lethally poisoned!
You sock the kobold!
You kill the kobold!
* * * LOW HITPOINT WARNING * * *
You feel very sick.
You are too injured to fight recklessly!
You are too injured to fight recklessly!
You are too injured to fight recklessly!
You are too injured to fight recklessly!
You are too injured to fight recklessly!
You are too injured to fight recklessly!
There is a lethal amount of poison in your body!
Unknown command.
* * * LOW HITPOINT WARNING * * *
You feel very sick.
* * * LOW HITPOINT WARNING * * *
You feel very sick.
You die...

.........#######....#.##
##.........##..........#
##.....#...............#
....##..###............##
#######..)†...........$.#
##.......#..............#
.............#..........##
##........#...............
#..<.....##....@.........
#........##..###..#......
.#.......###......?#......
..........>.......!# .....
.. .##.#....)...r.. ..
........#....(. .
..!#.##.....:... # .. #.
##.#...... # ## #.#......


There were no monsters in sight!

Vanquished Creatures
  An adder (D:2)
  A ball python (D:2)
  2 endoplasms (D:1)
  A goblin (D:1)
  2 hobgoblins
  A bat (D:2)
  5 kobolds
  A rat (D:1)
14 creatures vanquished.

Notes
Turn   | Place    | Note
-------+----------+-------------------------------------------
     0 | D:1      | Newt the Draconian Monk began the quest for the Orb.
     0 | D:1      | Reached XP level 1. HP: 19/19 MP: 1/1
   365 | D:1      | Found a faded altar of an unknown god.
   590 | D:2      | Reached skill level 4 in Fighting
   590 | D:2      | Reached XP level 2. HP: 27/27 MP: 2/2
   661 | D:2      | Succumbed to a kobold's poison

Illustrated notes

Levels and vault maps discovered:
D:1:      dpeg_arrival_pond, layout_basic, ebering_ecumenical_altar_sacrificial
D:2:      layout_rooms, serial_shops, shop

Skill      XL: |  1 |
---------------+----+-----
Stealth        | 2 |  2.0
Fighting       | 4 |  4.0
Maces & Flails | |  3.4
Dodging        | |  2.6

Action                   || total
-------------------------++-------
Melee: Mace              ||    36
       Tailslap          ||     3
  Use: Scroll            ||     3
Armor: Skin              ||    13
Dodge: Dodged            ||    24

Table legend: (Time is in decaauts)
 A = Elapsed time spent in this place.
 B = Non-inter-level travel time spent in this place.
 C = Inter-level travel time spent in this place.
 D = Time resting spent in this place.
 E = Time spent auto-exploring this place.
 F = Levels seen in this place.
 G = Mean time per level.
                   A        B        C        D        E       F      G
               +--------+--------+--------+--------+--------+-----+--------+
         Total |    669 |    634 |     35 |      0 |    513 |   2 |  334.5 |
       Dungeon |    669 |    634 |     35 |      0 |    513 |   2 |  334.5 |
               +--------+--------+--------+--------+--------+-----+--------+

Top non-repeatable levels by time:
     D:1: 584 daAuts
     D:2: 85 daAuts
